 Dungeon Crawl Stone Soup version 0.30.1-11-g7821555f0a (webtiles) character file.

Game seed: 17995153478479750576

329 Ekaitz the Gusty (level 6, 0/35 HPs)
             Began as a Tengu Air Elementalist on Dec 21, 2023.
             Slain by Pikel
             ... wielding a +1 whip of flaming
              (8 damage)
             ... on level 4 of the Dungeon.
             The game lasted 00:09:06 (3170 turns).

Ekaitz the Gusty (Tengu Air Elementalist)           Turns: 3170, Time: 00:09:06

Health: 0/35       AC:  2    Str:  9    XL:     6   Next: 50%
Magic:  2/11       EV: 15    Int: 17    God:
Gold:   241        SH:  5    Dex: 14    Spells: 0/10 levels left

rFire   . . .        c - +0 short sword
rCold   . . .        (no shield)
rNeg    . . .        a - +0 robe
rPois   .            (helmet restricted)
rElec   .            (no cloak)
rCorr   .            (no gloves)
SInv    .            (boots unavailable)
Will    +....        y - amulet of reflection
Stlth   ++           w - ring of willpower
HPRegen 0.25/turn    (no ring)
MPRegen 0.12/turn

%: reflection
@: flying quickly and evasively, quick
A: beak, talons 3, nimble flight
a: no special abilities


You were on level 4 of the Dungeon.
You visited 1 branch of the dungeon, and saw 4 of its levels.
You also visited: Sewer.

You collected 241 gold pieces.

Inventory:

Hand Weapons
 c - a +0 short sword (weapon)
Missiles
 l - 3 poisoned darts
 r - 5 javelins
Armour
 a - a +0 robe (worn)
 e - a +1 scale mail of willpower
 s - a +3 leather armour
 A - a +0 kite shield
 C - the +0 chain mail "Quelaac" {Str+3 Int+3}
   (You found it on level 4 of the Dungeon)

   Str:       It affects your strength (+3).
   Int:       It affects your intelligence (+3).
 D - the +4 ring mail of Henotheism {Fly rElec Int+3}
   (You found it on level 3 of the Dungeon)

   Int:       It affects your intelligence (+3).
   rElec:     It insulates you from electricity.
   Fly:       It grants you flight.
Jewellery
 u - an amulet of faith
 w - a ring of willpower (left hand)
 y - an amulet of reflection (around neck)
Scrolls
 d - a scroll of teleportation {unknown}
 f - 2 scrolls of noise {unknown}
 h - 2 scrolls of poison {unknown}
 j - 2 scrolls of amnesia {unknown}
 p - a scroll of vulnerability {unknown}
 v - 2 scrolls of immolation {unknown}
 x - 2 scrolls of identify {unknown}
 z - a scroll of blinking {unknown}
Potions
 b - a potion of magic
 g - 2 potions of lignification {unknown}
 i - 3 potions of degeneration {unknown}
 k - 3 potions of resistance {unknown}
 m - a potion of might {unknown}
 n - 2 potions of curing {unknown}
 o - a potion of flight {unknown}
 q - a potion of invisibility {unknown}
 t - 2 potions of cancellation {unknown}
 B - a potion of heal wounds {unknown}


   Skills:
 * Level 2.1 Fighting
 + Level 0.9 Short Blades
 + Level 2.2 Armour
 * Level 2.8 Dodging
 + Level 2.6 Stealth
 * Level 0.1 Shields
 + Level 2.7 Spellcasting
 * Level 3.8 Conjurations
 * Level 5.6 Air Magic


You couldn't memorise any spells.
You knew the following spells:

 Your Spells              Type           Power      Damage    Failure   Level
a - Shock                 Conj/Air       72%        1d7       2%          1
b - Static Discharge      Conj/Air       36%        2-4/arc   3%          2
c - Swiftness             Air            21%        N/A       5%          3
d - Airstrike             Air            10%        2d(2-18)  19%         4

Your spell library contained the following spells:

 Spells                   Type           Power      Damage    Failure   Level
 Momentum Strike          Conj/Tloc      16%        3d8       12%         2
 Freeze                   Ice            8%         1d3       19%         1
 Hailstorm                Conj/Ice       8%         3d4       24%         3
 Blink                    Tloc           4%         N/A       26%         2
 Lesser Beckoning         Tloc           4%         N/A       26%         2
 Frozen Ramparts          Ice            4%         1d1       47%         3
 Ignite Poison            Fire/Tmut/Pois 2%         N/A       47%         3
 Portal Projectile        Hex/Tloc       4%         N/A       47%         3
 Tukima's Dance           Hex            2%         N/A       47%         3
 Sticky Flame             Conj/Fire      8%         2d3       63%         4
 Blade Hands              Tmut           1%         N/A       99%         5
 Ignition                 Fire           1%         3d3       100%        8


Dungeon Overview and Level Annotations

Branches:
Dungeon (4/15)              Sewer (visited)
 Temple: D:4-7

Altars:

Shops:
D:2 =

Annotations:
D:4 Pikel


Innate Abilities, Weirdness & Mutations

You have a beak for a mouth.
You have claws for feet.
Your magical nature lets you fly swiftly and evasively.


Message History

Unknown command.
The zap hits the lemure.
You kill the lemure!
That felt strangely unrewarding.
Unknown command.
The zap hits Pikel.
Pikel is lightly wounded.
The zap hits Pikel.
Pikel is lightly wounded.
The zap hits Pikel.
Pikel is moderately wounded.
The zap hits Pikel but does no damage.
Pikel is moderately wounded.
The lemure shouts!
The zap hits Pikel.
Pikel is moderately wounded.
The zap hits Pikel.
Pikel is heavily wounded.
The lemure shouts!
You hear an angry hiss.
You hear a chilling moan.
Pikel says, "Hell isn't that bad."
Pikel hits you with a +1 whip of flaming!
Pikel burns you.
* * * LOW HITPOINT WARNING * * *
You are too injured to fight recklessly!
Unknown command.
Casting: Shock (safe; 2% risk of failure)
Confirm with . or Enter, or press ? or * to list all spells.
Aiming: Shock (safe; 2% risk of failure)
Press: ? - help, Shift-Dir - straight line, f/p - Pikel
Aim: Pikel, wielding a +1 whip of flaming, wearing a +0 robe and carrying a wand of flame (19) (heavily wounded, 64% to hit)
The zap hits Pikel.
Pikel is heavily wounded.
The zap misses the lemure.
The zap misses the shadow imp.
The zap hits the shadow imp!
The shadow imp is severely wounded.
The zap hits the lemure but does no damage.
The zap hits Pikel.
Pikel is heavily wounded.
Pikel hits you with a +1 whip of flaming!
You die...

##... .5..5 ......
5..... ######
5..K.5##....#
.....#..#.###
#..#..#.#.##
#.55.......###
#...#5.K@....#
#..##..5.....###
#... #....#.....#
...........#.....#
##.##.♣♣..........#
#..
#.............####
##
.....P..#.....#..##
#♣............#..
..##........#.## #


You could see Pikel, 3 lemures and a shadow imp.

Vanquished Creatures
  A water moccasin (Sewer)
  A lemure (D:4)
  A jelly (D:4)
  An orc wizard (D:3)
  6 adders
  2 river rats (D:3)
  A shadow imp (D:4)
  A white imp (D:4)
  2 ufetubi (D:4)
  3 worms
  2 dart slugs (D:2)
  3 orcs (D:3)
  4 ball pythons
  3 endoplasms
  3 giant cockroaches
  4 hobgoblins
  12 jackals
  A quokka (D:1)
  A bat (D:2)
  4 frilled lizards
  7 kobolds
  5 rats
  A spectral goblin (D:3)
69 creatures vanquished.

Notes
Turn   | Place    | Note
-------+----------+-------------------------------------------
     0 | D:1      | Ekaitz the Tengu Air Elementalist began the quest for the
                  | Orb.
     0 | D:1      | Reached XP level 1. HP: 10/10 MP: 4/4
   176 | D:1      | Reached XP level 2. HP: 10/16 MP: 3/6
   762 | D:2      | Learned a level 2 spell: Static Discharge
   813 | D:2      | Reached skill level 1 in Armour
   813 | D:2      | Reached XP level 3. HP: 20/20 MP: 2/7
   817 | D:2      | Learned a level 3 spell: Swiftness
  1290 | D:2      | Found Geydeg's Jewellery Shop.
  1297 | D:2      | Reached XP level 4. HP: 24/24 MP: 3/8
  1531 | D:2      | Reached skill level 1 in Fighting
  1857 | D:3      | Reached skill level 5 in Air Magic
  1932 | D:3      | Gained mutation: Your magical nature lets you fly swiftly
                  | and evasively. [Tengu growth]
  1932 | D:3      | Reached XP level 5. HP: 26/29 MP: 4/9
  2017 | D:3      | Found a faded altar of an unknown god.
  2176 | D:3      | Found a glowing drain.
  2220 | Sewer    | Entered a sewer
  2338 | Sewer    | Noticed a water moccasin
  2348 | Sewer    | Killed a water moccasin
  2349 | Sewer    | Reached XP level 6. HP: 9/35 MP: 0/11
  2357 | Sewer    | Learned a level 4 spell: Airstrike
  2696 | D:3      | Identified the +4 ring mail of Henotheism {Fly rElec Int+3}
  3142 | D:4      | Identified the +0 chain mail "Quelaac" {Str+3 Int+3}
  3155 | D:4      | Noticed Pikel
  3170 | D:4      | Slain by Pikel

Illustrated notes

Levels and vault maps discovered:
D:1:      minmay_arrival_cross, layout_loops_ring
D:2:      layout_basic, serial_shops, shop, minmay_pentomino_x4
D:3:      layout_basic, dreamdust_ecumenical_altar_drowned_temple,
          portal_sewer_entry_e
D:4:      layout_cave_pools, mainiacjoe_overflow_cross_hatched, serial_demonic,
          serial_demonic_d, serial_demonic_a, serial_demonic_b,
          serial_demonic_b, serial_demonic_g, uniq_natasha, uniq_pikel

Skill      XL: |  1  2  3  4  5  6 |
---------------+-------------------+-----
Conjurations   | 2 3 |  3.8
Armour         | 1 2 |  2.2
Fighting       | 1 2 |  2.1
Air Magic      | 5 |  5.6
Short Blades   | |  0.9
Dodging        | |  2.8
Stealth        | |  2.6
Shields        | |  0.1
Spellcasting   | |  2.7

Action                     |  1- 3 |  4- 6 || total
---------------------------+-------+-------++-------
  Melee: Short sword       |    13 |    39 ||    52
         Peck              |     2 |     9 ||    11
         Kick              |     1 |     9 ||    10
   Cast: Shock             |    44 |    74 ||   118
         Static Discharge  |     1 |    12 ||    13
   Stab: Sleeping          |       |     6 ||     6
 Armour: Robe              |     3 |     6 ||     9
  Dodge: Dodged            |    15 |    42 ||    57
  Block: Other             |       |     2 ||     2
